[Event "26th Womens ECCC 2022"]
[Site "Mayrhofen"]
[Date "2022.10.08"]
[Round "6.10"]
[White "Kiolbasa, Oliwia"]
[Black "Houska, Jovanka"]
[Result "1-0"]
[ECO "B12"]
[WhiteElo "2404"]
[BlackElo "2354"]
[Annotator "TA"]
[PlyCount "111"]
[EventDate "2022.10.03"]
[EventType "team-tourn"]
[EventCountry "AUT"]
[SourceTitle "playchess.com"]
[Source "ChessBase"]
[SourceQuality "1"]
[TimeControl "40/5400+30:1800+30"]

1. e4 c6 2. d4 d5 3. e5 Bf5 4. Nf3 e6 5. Be2 Nd7 6. O-O h6 7. a4 {[%emt 0:01:12] B12: Caro-Kann: Advance Variation.} g5 8. a5 a6 9. Ne1 {[%emt 0:03:29] White has an edge.} Ne7 (9... c5 $11) 10. b4 $1 $14 Qc7 {[%emt 0:03:40] [#]} 11. Na3 $146 ({Predecessor:} 11. Bh5 Bg6 12. f4 Bg7 13. Nd3 O-O-O 14. Bxg6 Nxg6 15. f5 exf5 16. Rxf5 f6 17. exf6 Nxf6 {0-1 (27) Hagner,B (2186)-Willems,N (2338) Payerne 2022}) 11... Bg6 12. c3 Bg7 13. f4 f6 14. Bd3 O-O-O 15. Qc2 Bf5 16. Rb1 gxf4 (16... Rdf8 $11) 17. exf6 Nxf6 18. Bxf4 Qd7 19. b5 {[%emt 0:11:01] White is more active.} ({Better is} 19. Bxf5 $16 Nxf5 20. Nd3) 19... cxb5 $15 20. Nxb5 axb5 $17 21. Qa2 (21. Be5 $17) 21... Qc6 $4 (21... Bxd3 $1 $19 22. Nxd3 Ne4) 22. Bxb5 $18 Bxb1 23. Qxb1 Qxc3 {[%emt 0:01:35] [#]} 24. Nf3 Ne4 25. Rc1 Rhf8 26. Rxc3+ $40 {[%emt 0:08:12][%mdl 128] White is out for blood.} Nxc3 27. Qc1 {[%emt 0:00:10][%csl LRc3,LRh6] Really sharp!} Rxf4 28. Qxc3+ Kb8 {[%emt 0:00:07] [#]} 29. a6 $1 bxa6 (29... Nc8 $16 {is a better chance.}) 30. Bxa6 Rd7 31. Qc5 ({Weaker is} 31. g3 Rxf3 32. Qxf3 Bxd4+ 33. Kg2 Kc7 $18) (31. Qa5 $142 {Hoping for Qb5+.} Re4 32. Qb6+ Ka8 33. Qb5) 31... Re4 $2 (31... Ka8 32. Qb6 Rf8 33. Qxe6 Rc7) 32. Qb5+ Kc7 33. Qb7+ Kd6 34. Qb6+ Nc6 35. Qc5+ Kc7 36. Bb5 Rd6 37. Bxc6 Rxc6 38. Qa7+ {[%emt 0:00:29][%mdl 64] Skewer} Kd6 39. Qxg7 Rc1+ 40. Kf2 Rc2+ 41. Kg3 Ree2 42. Kh3 {[%emt 0:00:00] Strongly threatening Ne5.} Kc6 43. Qxh6 Kb5 44. Qg7 Kc4 45. Qc7+ Kd3 46. Qf4 Kc4 47. g4 Re4 48. Nd2+ Kd3 49. Nxe4 dxe4 {[%emt 0:00:03][%mdl 4096] Endgame KQ-KR} 50. Qf1+ Kd2 51. Qf2+ Kd3 52. Qe1 Re2 53. Qb1+ {[%emt 0:00:42] White mates.} Kd2 54. g5 e3 55. g6 Re1 {[%emt 0:01:13] [#]} 56. Qxe1+ $3 {[%emt 0:00:25] Weighted Error Value: White=0.35/Black=0.60} 1-0

[Event "26th Womens ECCC 2022"]
[Site "Mayrhofen"]
[Date "2022.10.08"]
[Round "6.11"]
[White "Arakhamia-Grant, Ketevan"]
[Black "Cyfka, Karina"]
[Result "1/2-1/2"]
[ECO "C72"]
[WhiteElo "2333"]
[BlackElo "2347"]
[Annotator "TA"]
[PlyCount "169"]
[EventDate "2022.10.03"]
[EventType "team-tourn"]
[EventCountry "AUT"]
[SourceTitle "playchess.com"]
[Source "ChessBase"]
[SourceQuality "1"]
[TimeControl "40/5400+30:1800+30"]

1. e4 e5 2. Nf3 Nc6 3. Bb5 a6 4. Ba4 d6 5. O-O Bd7 6. c3 g6 7. d4 Bg7 8. Re1 Nf6 $1 {[%emt 0:01:55][%cal Bg8f6,Bf6h5,Bh5f4][%mdl 4] is currently scoring better than 8...Nge7.} 9. Bg5 {[%emt 0:14:22] C79: Ruy Lopez: Steinitz-type lines with 3...a6 4 Ba4 Nf6 5 0-0 d6.} b5 10. Bb3 O-O 11. h3 h6 12. Bh4 Qe8 (12... Re8 $5 ) 13. Nbd2 Nh5 14. Nf1 {[%emt 0:01:48] [#]} (14. dxe5 {seems wilder.} Nxe5 15. Nxe5 Bxe5 16. Bd5) 14... Na5 $146 ({Predecessor:} 14... Nf4 15. Ne3 Ne7 16. Bg3 g5 17. h4 g4 18. Nh2 h5 19. f3 gxf3 20. Nxf3 Neg6 {1-0 (32) Jackson,J (2304)-Camp,I (1855) Coventry 2017}) 15. Bc2 Nc4 16. b3 Nb6 (16... Na3 $5 ) 17. Ne3 Nf4 18. Bg3 Nh5 19. Bh2 exd4 (19... Nf4 $142) 20. cxd4 $16 (20. Nxd4 $6 Be5 $14) 20... Bc6 (20... Nf6 $16) 21. Ng4 (21. e5 $1 $18) 21... Qd8 22. Qd2 Kh7 23. Rac1 Bb7 24. d5 Nd7 25. Bb1 Rc8 26. Nd4 Nhf6 27. Nc6 {[%emt 0:03:40] White has more active pieces.} Bxc6 28. Nxf6+ Bxf6 29. Rxc6 Nb8 30. Rc2 Nd7 31. Rc6 Nb8 $1 32. Rc2 Nd7 33. Rec1 Re8 {[%emt 0:02:35][%cal Bf8e8,Be8e4,Be4d4,Bd4d5][%mdl 32] [#]} 34. Bxd6 $1 Rxe4 35. Rxc7 Rd4 36. Qe2 Rxc7 37. Bxc7 (37. Rxc7 Rxd5 38. Bg3 Rc5 39. Rxc5 Nxc5 $11) 37... Qe7 38. Qxe7 Bxe7 39. Ba5 b4 40. g3 Rxd5 41. Bc7 Bc5 42. Bf4 {[%emt 0:02:18] Against Rd2} Nf6 {[%emt 0:06:04] Against Be4} 43. Kf1 Kg7 44. Ke2 g5 45. Bc7 Bd4 46. Rc6 Bc3 (46... Ne8 $1 $11) 47. Bd3 $1 (47. Rxa6 Rd2+ 48. Kf3 Bd4 $15) 47... Rd7 48. Bd6 (48. Bxa6 $6 Rd2+ 49. Kf3 h5 $11) 48... a5 49. Ra6 Rd8 (49... h5 $142) 50. Bc7 Re8+ 51. Kf3 Re7 52. Bd6 (52. Bb6 $16) 52... Re1 $1 $14 53. Bf5 {[%emt 0:03:53] A strong pair of Bishops.} (53. Rxa5 g4+ 54. hxg4 Rd1 $17) 53... Rd1 54. Bc7 Bd4 {[%emt 0:00:30] [#]} (54... Rd2 $11 55. Bb6 (55. Rxa5 Bd4 $11) 55... Rxa2) 55. Rxa5 (55. Bxa5 $2 Rd2 56. Rxf6 (56. g4 $2 Rxf2+ 57. Kg3 h5 $19) 56... Kxf6 $19) ({Better is} 55. Ke2 $1 $16 Rc1 56. Bxa5) 55... Rd2 $11 56. g4 Rxf2+ 57. Kg3 h5 58. gxh5 Nxh5+ 59. Kg4 Kh6 60. h4 gxh4 61. Kxh4 Rf3 $2 (61... Bc3 $11) 62. Kg4 $2 ({White has to play} 62. Be4 $18 Rf4+ 63. Bxf4+ Nxf4 64. Kg4) 62... Rf1 $14 63. Bd6 Rg1+ 64. Kf3 Rf1+ (64... Bc3 $16) 65. Ke4 (65. Ke2 $18 Rf2+ 66. Kd3) 65... Bg7 (65... Bc3 $11 {should be considered.}) 66. Bh3 (66. Bc8 $16) 66... Re1+ {[%emt 0:00:37] [#]} (66... Rd1 $11 67. Bc5 Nf6+ 68. Ke3 Nd5+ 69. Ke2 Ra1) 67. Kf3 (67. Kd5 $1 $16) 67... Rd1 (67... Bc3 $1 $11 {keeps the balance.}) 68. Ra6 ({Don't blunder} 68. Bxb4 $2 Rd3+ 69. Ke2 Nf4+ 70. Ke1 Nxh3 $19) (68. Bc5 $16 {And now Be3+ would win.} f5 69. Kf2 (69. Bxb4 $2 Rd3+ 70. Kf2 Rxh3 $19) (69. Bxf5 Rf1+ 70. Ke3 Rxf5 $15)) 68... Rd3+ $11 69. Kg2 {[%emt 0:00:10] Bf4+ is the strong threat.} Rd2+ 70. Kf1 Kg5 71. Bxb4 Ng3+ 72. Ke1 Rh2 $1 73. Bc8 Ne4 {[%emt 0:00:17] Prevents Bd2+.} 74. Bb7 Nc3 ({Black should play} 74... Kf4 $11) 75. Be7+ (75. Ra5+ $14 Kg4 76. Kf1) 75... Kf5 {[%emt 0:00:32] The position is equal.} 76. Bc8+ Ke4 77. Bb7+ Kd3 {[%emt 0:00:28] Threatens to win with ...Re2+.} 78. Rd6+ Kc2 79. Bg5 Nxa2 80. Bd5 Nc3 {[%emt 0:00:33] Strongly threatening ...Be5.} 81. Bxf7 Rh1+ 82. Kf2 Ne4+ 83. Kg2 {[%emt 0:00:02] Hoping for Rc6+.} Nxd6 84. Bg6+ Kxb3 85. Kxh1 {[%emt 0:00:03] Weighted Error Value: White=0.16 (very precise) /Black=0.12 (very precise)} 1/2-1/2

[Event "26th Womens ECCC 2022"]
[Site "Mayrhofen"]
[Date "2022.10.08"]
[Round "6.12"]
[White "Majdan, Joanna"]
[Black "Toma, Katarzyna"]
[Result "1/2-1/2"]
[ECO "B31"]
[WhiteElo "2301"]
[BlackElo "2249"]
[Annotator "TA"]
[PlyCount "94"]
[EventDate "2022.10.03"]
[EventType "team-tourn"]
[EventCountry "AUT"]
[SourceTitle "playchess.com"]
[Source "ChessBase"]
[SourceQuality "1"]
[TimeControl "40/5400+30:1800+30"]

1. e4 c5 2. Nf3 Nc6 3. Bb5 g6 4. Bxc6 bxc6 5. d4 Ba6 6. dxc5 {[%emt 0:01:32] B31: Sicilian: 2...Nc6 3 Bb5 g6.} Qa5+ 7. Nbd2 Bg7 8. a3 {[%emt 0:04:50] White has an edge.} (8. Rb1 $5 ) 8... Qxc5 9. b4 {[%emt 0:07:11] [#]} (9. c4 $5) 9... Qh5 $146 (9... Qc3 $2 10. Rb1 $18) ({Predecessor:} 9... Qb6 10. Rb1 d5 11. b5 Bxb5 12. exd5 cxd5 13. c4 Qe6+ 14. Kf1 Bxc4+ 15. Nxc4 dxc4 {1-0 (35) Grischuk,A (2766)-Gschnitzer,A (2425) Chess.com INT 2019}) 10. Rb1 d5 {[%emt 0:06:43] Against c4} 11. Bb2 (11. exd5 $11 {remains equal.} Qxd5 12. c4 Bxc4 13. Nxc4 Qxc4 14. Qe2 Qxe2+ 15. Kxe2) 11... Bxb2 $1 $17 ({Much worse is} 11... Nf6 $6 12. exd5 Qxd5 13. c4 Bxc4 14. Nxc4 Qxc4 15. Qe2 $11) 12. Rxb2 dxe4 13. Nxe4 Rd8 {[%emt 0:03:43] Inhibits Qd4.} 14. Qc1 Qd5 (14... Qg4 $15 15. Qe3 Qxg2) 15. Nc5 $11 Bc4 $40 {[%emt 0:04:07][%mdl 128] Black attacks.} 16. c3 {[%emt 0:06:22] Black should prevent Rd2.} Rd6 17. Qd2 (17. Rd2 $14 Re6+ 18. Kd1 (18. Nxe6 Qxe6+ 19. Kd1 Bb3+ 20. Rc2 Nf6 $11) 18... Bb3+ 19. Nxb3 Qxb3+ 20. Qc2 Qxa3 21. Ng5 (21. Qa2 Qxc3 22. Qxa7 Kf8 $15) 21... Qa1+ 22. Qc1 Qa4+ 23. Qc2 Qa1+ 24. Qc1 Qa4+ 25. Qc2 Qa1+) 17... Qf5 18. Nd4 {[%emt 0:06:45] Pair of Knights!} Qh5 (18... Qd5 $5 19. f3 Nf6 $11) 19. f4 (19. Ne4 $14 Rd7 20. Qe3) 19... Nf6 $1 $15 20. Nb7 ({White should play} 20. Kf2 $15) 20... O-O $1 $17 21. Nxd6 exd6 22. Nf3 (22. Qd1 $142 Qh4+ 23. g3) 22... Re8+ $19 23. Kd1 Qb5 $2 {[%emt 0:00:52] [#]} (23... Re2 $1 $19 24. Qxe2 Bxe2+ 25. Rxe2 Qb5) 24. Re1 (24. Kc1 $1 $16) 24... Ne4 $11 {[%emt 0:00:56] White must now prevent ...c5.} 25. Qd4 (25. Qe3 $11 {and White is okay.}) 25... c5 $19 26. Qxe4 Rxe4 27. Rxe4 Bd5 28. Re3 Qa4+ 29. Ke1 Qxa3 30. Rd2 Qc1+ (30... Bc4 $19 31. bxc5 dxc5) 31. Ke2 $17 Bxf3+ 32. Rxf3 cxb4 33. cxb4 {[%emt 0:00:04][%mdl 4096] Endgame KQ-KRR} Qc4+ 34. Kf2 Qxb4 35. Ra2 Qc4 36. Ra5 (36. Rd2 $15) 36... d5 (36... h5 $142 37. h3 Qc1) 37. Kg3 Qe4 ({Black should try} 37... a6 $17 38. h3 (38. Rfa3 $2 h5 $19) 38... h5) 38. Rxa7 $11 Qe1+ 39. Kh3 h5 40. Ra8+ Kg7 41. Rd8 $2 (41. Ra4 $15) 41... Qe6+ $19 42. f5 gxf5 $2 (42... Qe4 $19 {[%csl Gh5][%cal Re4g4] is more deadly.} 43. f6+ Kh7) 43. Rf4 $17 {[%emt 0:00:00] [#]} Kf6 $2 ({Better is} 43... Qb6 $1 $17 44. Ra8 d4) 44. g3 $11 {[%emt 0:00:00] The position is equal.} Kg7 45. Kg2 Qe2+ 46. Kh3 Qe6 47. Kg2 Qe2+ {[%emt 0:00:05] Weighted Error Value: White=0.41/Black=0.38} 1/2-1/2

[Event "26th Womens ECCC 2022"]
[Site "Mayrhofen"]
[Date "2022.10.08"]
[Round "6.13"]
[White "Buksa, Nataliya"]
[Black "Muzychuk, Mariya"]
[Result "1/2-1/2"]
[ECO "B15"]
[WhiteElo "2413"]
[BlackElo "2527"]
[Annotator "TA"]
[PlyCount "114"]
[EventDate "2022.10.03"]
[EventType "team-tourn"]
[EventCountry "AUT"]
[SourceTitle "playchess.com"]
[Source "ChessBase"]
[SourceQuality "1"]
[TimeControl "40/5400+30:1800+30"]

1. e4 c6 2. d4 d5 3. Nc3 dxe4 4. Nxe4 Nf6 5. Nxf6+ exf6 6. c3 Bd6 7. Bd3 O-O 8. Ne2 Re8 9. O-O {[%emt 0:00:05] B15: Caro-Kann: 3 Nc3: 3...g6 and 3...dxe4 4 Nxe4 Nf6 5 Nxf6+ exf6.} (9. Qc2 $5 ) 9... Nd7 10. Bf4 {[%emt 0:00:06] The main line 10.Bf4 scores better than 10.Ng3.} Nf8 11. Qd2 Ne6 12. Bxd6 Qxd6 {[%emt 0:00:05] [#]} 13. b4 $146 ({Predecessor:} 13. Rfe1 Bd7 14. Rad1 g6 15. Bc4 Rad8 16. Qe3 Kg7 17. Qg3 Qxg3 18. Nxg3 b6 19. Ne2 {½-½ (34) Kokarev,D (2608)-Oparin,G (2609) Linares 2018}) 13... Bd7 14. Rfe1 a5 15. a3 g6 16. h4 h5 17. Qh6 Qf8 (17... b5 {looks sharper.} 18. bxa5 f5 19. a4 Rxa5 20. axb5 Rxa1 21. Rxa1 cxb5 22. Qd2 Bc6) 18. Qxf8+ Kxf8 19. Reb1 axb4 20. axb4 Ke7 21. f3 Kd6 22. Kf2 Ng7 23. Ng3 f5 {[%emt 0:01:07] Inhibits Ne4+.} 24. Ne2 Ne6 25. g3 b6 26. Bc4 Reb8 27. Rd1 Ke7 28. d5 cxd5 29. Bxd5 Rxa1 30. Rxa1 Nc7 31. Bb3 Be6 32. Nd4 Kd6 (32... Kf6 $11) 33. c4 $16 {[%emt 0:03:29][%cal Bc3c4,Bc4c5][%mdl 32] White is more active.} Rc8 (33... Rb7 $142) 34. Ra7 b5 (34... Ke5 $16 35. Ke3 Kf6) 35. c5+ $18 ({Weaker is} 35. cxb5 Bxb3 36. Nxb3 Rb8 $11) 35... Ke5 36. Bxe6 fxe6 {[%emt 0:02:16][%mdl 4096] Endgame KRN-KRN} 37. Nc6+ Kf6 38. f4 {[%emt 0:00:08][%cal Bf3f4,Bf4e5,Be5e6][%mdl 32] Against e5} Nd5 39. Ne5 Rc7 {[%emt 0:00:09] [#] Prevents Rf7+.} 40. Rxc7 (40. Ra5 $1 $18 ) 40... Nxc7 {[%emt 0:00:05] KN-KN} 41. Nc6 {[%emt 0:03:57] Black must now prevent Ke3.} Nd5 {[%emt 0:01:18][%cal Oe6e5] [#]} 42. Ke2 $1 e5 $2 (42... Kf7 $16) 43. fxe5+ Ke6 44. Kf3 $2 (44. Kd3 $18 {Strongly threatening Kd4.} Kd7 45. Na7 Nxb4+ 46. Kd4) 44... Kd7 $11 {[%emt 0:01:04] The position is equal.} 45. Nd4 {[%emt 0:10:20] Threatens to win with c6+.} Nxb4 46. e6+ Ke7 47. Nxb5 {[%emt 0:00:47] aiming for Nd4.} Nd3 48. c6 {[%emt 0:00:53] White threatens c7 and mate.} Ne5+ 49. Kf4 Nxc6 50. Kg5 Kxe6 51. Kxg6 Ke5 52. Kxh5 {[%emt 0:00:41] Kg5 is the strong threat.} f4 53. gxf4+ Kxf4 54. Nd6 Ne7 55. Kh6 Kg4 56. h5 Ng8+ 57. Kg6 Ne7+ {[%emt 0:00:04] White really could win this.  Weighted Error Value: White=0.24 (precise) /Black=0.12 (very precise)} 1/2-1/2

[Event "26th Womens ECCC 2022"]
[Site "Mayrhofen"]
[Date "2022.10.08"]
[Round "6.14"]
[White "Unuk, Laura"]
[Black "Gaponenko, Inna"]
[Result "1/2-1/2"]
[ECO "D20"]
[WhiteElo "2297"]
[BlackElo "2348"]
[Annotator "TA"]
[PlyCount "89"]
[EventDate "2022.10.03"]
[EventType "team-tourn"]
[EventCountry "AUT"]
[SourceTitle "playchess.com"]
[Source "ChessBase"]
[SourceQuality "1"]
[TimeControl "40/5400+30:1800+30"]

1. d4 {[%emt 0:00:04] Fischer,J} d5 2. c4 dxc4 3. e4 Nf6 4. e5 Nd5 5. Bxc4 Nb6 6. Bd3 Nc6 7. Ne2 Bg4 8. f3 Be6 9. Nbc3 Qd7 {[%emt 0:01:37] 9...Bc4 is vanishing.} (9... Nxd4 $2 10. Nxd4 Qd7 11. Be3 $18) 10. Ne4 {[%emt 0:14:46] D20: Queen's Gambit Accepted: 3 e3 and 3 e4.} Bd5 (10... Nxd4 $2 11. Nxd4 Rd8 12. Be3 $18) 11. Nc5 Qc8 12. Bg5 {[%emt 0:11:57] [#]} (12. a3 $14 {is superior.}) 12... e6 $146 (12... f6 $5 13. Bf4 fxe5 14. dxe5 (14. Bxe5 Nxe5 15. dxe5 e6 $11) 14... e6 $11) ({Predecessor:} 12... f6 13. Bh4 fxe5 14. O-O exd4 15. Nf4 Bf7 16. Rc1 e5 17. Nxb7 Nb8 18. Re1 N8d7 19. Ba6 c5 20. Bb5 Qc7 21. Nd3 Nc4 22. Rxc4 {1-0 (22) Hammer,J (2695)-Blomqvist,E (2493) Stockholm 2015 CBM 170 Extra [Fischer,J]}) 13. Qc1 Bxc5 14. Qxc5 Qd7 15. O-O h6 16. Bh4 g5 17. Bf2 Qe7 18. Rfc1 Qxc5 19. Rxc5 (19. dxc5 Nd7 $15) 19... Nb4 20. Be4 c6 21. Be1 Bxe4 22. fxe4 Nd3 23. Rc3 Nxe1 24. Rxe1 O-O 25. h4 gxh4 26. Rf1 Nd7 27. Rf4 c5 28. dxc5 Nxe5 29. Rxh4 Rad8 30. Rg3+ (30. Rxh6 $2 Ng4 31. Ng3 Rd1+ 32. Nf1 Nxh6 $19) 30... Kh7 31. Nf4 Rd1+ (31... Rg8 $5 32. Rb3 Rd2 $17) 32. Kh2 Rd2 33. Rgh3 {[%emt 0:02:00] [#]} (33. Nh5 $15 Ng6 34. Nf6+ Kg7 35. Rf4 (35. e5 Rxb2 36. Ra4 Rc8 $17)) 33... Kg7 (33... Rg8 $1 $17 {And now ...Ng4+ would win.} 34. Rxh6+ Kg7) 34. Nh5+ (34. Rg3+ $11 Kh7 35. Nh5) 34... Kh7 (34... Kh8 $15 35. Rb3 (35. Nf6 Rxb2 36. Ng4 Nxg4+ 37. Rxg4 Kh7 $17) 35... Rc8) 35. Nf6+ Kg7 (35... Kg6 $11 36. Rf4 (36. Rxh6+ Kg7 $17) 36... Kg7) 36. Nh5+ $17 (36. Rxh6 $2 Rxb2 37. Nh7 Ng4+ 38. Kg3 Nxh6 $19) 36... Kh8 37. Nf6 {[%emt 0:00:16] Against Rg8} Kg7 ({Better is} 37... Rxb2 $17 38. a3 (38. Rxh6+ $2 Kg7 $19) 38... Rc2) 38. Rxh6 $2 (38. Nh5+ $11 Kh8 39. Nf4 (39. Nf6 Rxb2 40. Ng4 Nxg4+ 41. Rxg4 Kh7 $17)) 38... Rf2 $2 (38... Rc8 $19 {is more deadly.} 39. b3 Rxa2) 39. Kg3 Rxf6 (39... Rf1 $17 {...Rd8 is the strong threat.} 40. Ng4 Nxg4 41. Kxg4 Rg8) 40. Rh7+ $11 {[%emt 0:00:06] The position is equal.} Kg8 41. Rh8+ Kg7 42. R3h7+ Kg6 {[%emt 0:00:00] [#] Strongly threatening ...Rxh8.} 43. Rh6+ Kg7 (43... Kg5 $5 44. Rh5+ $8 Kg6 45. R5h6+ Kg7 46. R8h7+ Kg8 47. Rh8+ Kg7 48. R8h7+ Kg8 49. Rh8+ Kg7 $11) 44. R6h7+ Kg6 {[%emt 0:00:00] Hoping for ...Rxh8.} 45. Rh6+ {[%emt 0:00:00] Weighted Error Value: White=0.26 (precise) /Black=0.25 (precise)} 1/2-1/2

[Event "26th Womens ECCC 2022"]
[Site "Mayrhofen"]
[Date "2022.10.08"]
[Round "6.15"]
[White "Doluhanova, Evgeniya"]
[Black "Urh, Zala"]
[Result "1-0"]
[ECO "A16"]
[WhiteElo "2264"]
[BlackElo "2221"]
[Annotator "TA"]
[PlyCount "61"]
[EventDate "2022.10.03"]
[EventType "team-tourn"]
[EventCountry "AUT"]
[SourceTitle "playchess.com"]
[Source "ChessBase"]
[SourceQuality "1"]
[TimeControl "40/5400+30:1800+30"]

1. c4 Nf6 2. Nc3 e5 3. a3 d5 4. cxd5 Nxd5 5. Qb3 Nb6 6. Nf3 {[%emt 0:01:04] A22: English Opening: 1...e5 2 Nc3 Nf6.} Nc6 7. e3 {[%emt 0:00:18] Inhibits Nd4.} Be6 8. Qc2 {[%emt 0:00:09] The position is equal.} ({But not} 8. Qb5 a6 9. Qd3 Qe7 $17) 8... a6 {[%emt 0:07:40] Inhibits Bb5.} 9. b4 {[%emt 0:02:00] [#]} Qd7 $146 (9... f5 $5 ) ({Predecessor:} 9... Nc4 10. d3 Nd6 11. Na4 Nb5 12. Nc5 Bxc5 13. Qxc5 Qd5 14. Bb2 f6 15. Qxd5 Bxd5 {1-0 (68) Korenchuk,A (2124)-Denisov,D (1934) Nalchik 2016}) 10. Ne4 f6 11. Nc5 Bxc5 12. bxc5 Nd5 13. Rb1 b5 14. cxb6 $1 Nxb6 15. Bb2 Ne7 16. Be2 O-O 17. O-O Rfc8 18. Rfc1 Ba2 19. Ra1 Bd5 20. a4 {[%emt 0:04:17] e4 is the strong threat.} Qe6 {[%emt 0:03:15] [#]} (20... Qe8 $16 {was necessary.}) 21. a5 (21. e4 $1 $18 ) 21... Nd7 $16 22. Ra3 {[%emt 0:20:19] Black must now prevent e4. White is more active.} Qf7 $2 {[%emt 0:00:32] Black cannot hold the game after this.} (22... Qc6 $16) 23. e4 $18 Be6 24. d4 Qf8 $2 (24... exd4 25. Nxd4 Kh8) 25. dxe5 {[%emt 0:01:26] White is clearly winning.} Nxe5 26. Bxe5 fxe5 27. Ng5 Ng6 28. Rf3 Qb4 29. Nxe6 Qxa5 30. Bc4 {[%emt 0:00:42] [#] Nf8+ would kill now.} Kh8 31. Rg3 {[%emt 0:02:08] Weighted Error Value: White=0.07 (flawless) /Black=0.39} 1-0

[Event "26th Womens ECCC 2022"]
[Site "Mayrhofen"]
[Date "2022.10.08"]
[Round "6.16"]
[White "Vidic, Teja"]
[Black "Tarleva, Diana"]
[Result "1/2-1/2"]
[ECO "C11"]
[WhiteElo "2126"]
[BlackElo "2175"]
[Annotator "TA"]
[PlyCount "62"]
[EventDate "2022.10.03"]
[EventType "team-tourn"]
[EventCountry "AUT"]
[SourceTitle "playchess.com"]
[Source "ChessBase"]
[SourceQuality "1"]
[TimeControl "40/5400+30:1800+30"]

1. e4 e6 2. d4 d5 3. Nc3 Nf6 4. e5 Nfd7 5. f4 c5 6. Nf3 Nc6 7. Be3 a6 8. Qd2 b5 9. dxc5 Bxc5 10. Bxc5 Nxc5 11. O-O-O {[%emt 0:00:14] C11: French: Classical System: 4 e5 and 4 Bg5 dxe4.} (11. Bd3 $11) 11... Qa5 (11... Qb6 $17 {aiming for ...b4.} 12. Bd3 O-O) 12. Nd4 Nxd4 13. Qxd4 {[%emt 0:00:10] Black is slightly better.} b4 14. Nb5 axb5 (14... Nb7 $15 15. Nd6+ Nxd6 16. exd6 O-O) 15. Qxc5 $11 Bd7 {[%emt 0:00:05] [#]} 16. Rd4 $146 ({Predecessor:} 16. f5 Rc8 17. Qd6 b3 18. axb3 Qa1+ 19. Kd2 Qxb2 20. Bd3 Qc3+ 21. Ke2 exf5 22. Ra1 {½-½ (67) Danielmeier,R-Tucholke,H Germany 1996}) 16... b3 ({But not} 16... Qxa2 17. Bxb5 Bxb5 18. Qxb5+ Kf8 19. Qxb4+ Kg8 20. Kd2 $11) 17. a3 Qe1+ (17... Rc8 $5 18. Qb4 Rxc2+ 19. Kb1 Qb6 $11) 18. Rd1 Qe4 {[%emt 0:02:30] Hoping for ...Rc8.} 19. Bxb5 Qxf4+ 20. Rd2 {[%emt 0:02:56] Strongly threatening Rf1.} Rd8 21. cxb3 Qxe5 22. Rf1 Qg5 (22... f5 $11 {keeps the balance.}) 23. Re1 {[%emt 0:05:13] White has more active pieces. The black rooks are badly placed.} (23. b4 $16) 23... Bxb5 $14 24. Qxb5+ Rd7 25. Ree2 ({White should try} 25. b4 $14) 25... Qf4 $11 26. Kb1 Qd6 27. Rc2 O-O 28. Rc6 Qe7 ({Don't play} 28... Qxh2 {[#]} 29. Rcxe6 $1 Qc7 30. Re8 $16) 29. b4 d4 30. Qe5 (30. Rc5 $11) 30... d3 31. Rd2 Rd5 {[%emt 0:00:28] Weighted Error Value: White=0.22 (precise) /Black=0.22 (precise)} 1/2-1/2

[Event "26th Womens ECCC 2022"]
[Site "Mayrhofen"]
[Date "2022.10.08"]
[Round "6.17"]
[White "Roebers, Eline"]
[Black "Rakhmangulova, Anastasiya"]
[Result "1-0"]
[ECO "B90"]
[WhiteElo "2352"]
[BlackElo "2261"]
[Annotator "TA"]
[PlyCount "150"]
[EventDate "2022.10.03"]
[EventType "team-tourn"]
[EventCountry "AUT"]
[SourceTitle "playchess.com"]
[Source "ChessBase"]
[SourceQuality "1"]
[TimeControl "40/5400+30:1800+30"]

1. e4 c5 2. Nf3 d6 3. d4 cxd4 4. Nxd4 Nf6 5. Nc3 a6 6. Qd3 {[%emt 0:00:03] B90: Sicilian Najdorf: Unusual White 6th moves, 6 Be3 Ng4 and 6 Be3 e5.} Nbd7 7. Be2 Nc5 8. Qe3 {[%emt 0:01:46] White has an edge.} e5 9. Nb3 Nxb3 10. axb3 Be7 11. O-O O-O {[%emt 0:01:53] [#]} 12. f4 $146 ({Predecessor:} 12. Rd1 Be6 13. Bc4 Rc8 14. Bxe6 fxe6 15. Qh3 Qd7 16. Ra5 b5 17. b4 Rc6 18. Bg5 {0-1 (39) Tsydypov,Z (2526)-Perez Ponsa,F (2561) Chess.com INT 2021}) 12... exf4 13. Qxf4 Be6 14. Be3 Qc7 15. Qg3 Nd7 16. Bh6 Qc5+ 17. Kh1 {[%emt 0:00:04][%csl Gh6][%cal Rg3g7] Really sharp!} Qe5 {[%emt 0:00:18] ...Qxg3 is the strong threat.} 18. Bf4 Qc5 19. Nd5 Bxd5 20. exd5 Ne5 21. c4 Rae8 22. Be3 Qc7 23. Bd4 a5 24. Qc3 b6 25. b4 axb4 26. Qxb4 Nd7 27. Qd2 (27. Bd3 {is more complex.} g6 28. Qc3 Bg5 29. Bc2) 27... Bf6 28. Bg1 Be5 29. Ra3 Ra8 30. Rh3 (30. Rfa1 $5 Qb7 31. Bg4 $14) 30... f5 31. b4 g6 32. Rc1 Ra4 33. Bd1 Ra6 34. Bb3 Rfa8 35. Rf3 ({Better is} 35. c5 $11) 35... Ra1 36. Rff1 Rxc1 37. Rxc1 Ra3 38. Qd1 Bf4 (38... Qd8 $15 {feels stronger.} 39. g3 Qf8) 39. Ra1 $11 Qa7 40. Rxa3 Qxa3 41. Ba4 Nf6 42. c5 Qxb4 {[%emt 0:03:42][%mdl 8192] Black is on the road to losing.} (42... bxc5 $11 43. bxc5 dxc5) 43. cxb6 $18 Ne4 44. Qd4 Qb1 {[%emt 0:02:10] [#]} 45. Bc2 $1 Qxc2 46. b7 Qb1 47. Qa7 Nf2+ 48. Qxf2 {[%emt 0:00:00] White threatens Qa7 and mate.} Qxb7 {[%emt 0:01:17] Strongly threatening ...Be5.} 49. Qxf4 Qxd5 50. Bd4 {[%emt 0:00:00] Prevents Qe5.} Kf7 51. Qh4 Ke6 52. h3 Qe4 53. Qf6+ Kd5 (53... Kd7 $142 54. Qf7+ Qe7) 54. Bf2 f4 55. Kg1 h5 (55... Qb1+ $142 56. Kh2 Qf5) 56. h4 Qb1+ 57. Kh2 Qe4 58. Qg7 Kc6 59. Qa7 {[%emt 0:02:09] Threatening mate with Qa8+.} Kd5 60. Qa2+ Ke5 61. Kg1 Kf5 62. Qb3 Kf6 63. Kf1 Ke7 (63... d5 {is a better defense.} 64. Qc3+ Ke6) 64. Be1 Kf6 65. Bd2 Kf5 66. Qh3+ Ke5 $2 (66... Kf6 $18 67. Qc3+ Kf7) 67. Bc3+ {[%emt 0:02:17] White mates.} Kd5 {[%emt 0:00:03] [#]} 68. Qf3 $1 Qxf3+ 69. gxf3 {[%emt 0:00:03] KB-KP} Ke6 70. Ba5 g5 71. hxg5 Kf5 72. Bd8 d5 73. Bf6 Kg6 74. Kg2 h4 75. Kh2 d4 {Weighted Error Value: White=0.12 (very precise) /Black=0.21 (precise)} 1-0